 Dungeon Crawl Stone Soup version 0.29-a0-490-g77b3608bb8 (webtiles) character file.

Game seed: 9948988126943600215

1861 Hubjo the Arsonist (level 8, -3/48 HPs)
             Began as a Deep Elf Fire Elementalist on May 26, 2022.
             Was an Initiate of Sif Muna.
             Slain by an orc warrior
             ... wielding a +0 war axe
              (12 damage)
             ... in a bailey.
             The game lasted 00:17:28 (9950 turns).

Hubjo the Arsonist (Deep Elf Fire Elementalist)     Turns: 9950, Time: 00:17:29

Health: -3/48      AC:  5    Str:  5    XL:     8   Next: 89%
Magic:  14/20      EV: 16    Int: 23    God:    Sif Muna [......]
Gold:   85         SH:  0    Dex: 15    Spells: 16/21 levels left

rFire   . . .      SeeInvis .   (no weapon)
rCold   . . .      Faith    +   (no shield)
rNeg    . . .      Spirit   .   a - +0 robe
rPois   +          Reflect  .   D - +0 helmet
rElec   .          Harm     .   e - +0 cloak
rCorr   .          Rampage  .   (no gloves)
Will    .....                   k - +0 pair of boots {Stlth+}
Stlth   +++++.....              c - amulet of faith
HPRegen 0.16/turn               v - +4 ring of evasion
MPRegen 0.17/turn               w - ring of poison resistance

@: marked
A: no striking features
a: Renounce Religion


You were in a bailey.
You worshipped Sif Muna.
Sif Muna was noncommittal.
You visited 2 branches of the dungeon, and saw 8 of its levels.
You also visited: Bailey.

You collected 350 gold pieces.
You spent 265 gold pieces at shops.

Inventory:

Armour
 a - a +0 robe (worn)
 e - a +0 cloak (worn)
 k - a +0 pair of boots of stealth (worn)
 D - a +0 helmet (worn)
Jewellery
 c - an amulet of faith (around neck)
 v - a +4 ring of evasion (left hand)
 w - a ring of poison resistance (right hand)
 A - a ring of protection from cold
 C - a ring of see invisible
Wands
 B - a wand of polymorph (1)
Scrolls
 b - 4 scrolls of identify
 f - a scroll of summoning {unknown}
 g - a scroll of amnesia
 j - a scroll of noise
 r - a scroll of fear {unknown}
 s - 2 scrolls of enchant weapon
 t - a scroll of immolation
 x - a scroll of poison
Potions
 h - a potion of curing
 i - 4 potions of cancellation {unknown}
 l - 2 potions of attraction {unknown}
 m - a potion of berserk rage {unknown}
 n - a potion of haste {unknown}
 o - 3 potions of brilliance {unknown}
 p - a potion of lignification {unknown}
 q - a potion of mutation {unknown}
 z - a potion of magic


   Skills:
 + Level 4.4 Fighting
 - Level 2.4 Dodging
 + Level 7.1 Stealth
 + Level 7.3 Spellcasting
 - Level 1.1 Conjurations
 * Level 8.4 Fire Magic


You had 16 spell levels left.
You knew the following spells:

 Your Spells              Type           Power      Damage    Failure   Level
a - Foxfire               Conj/Fire      100%       2x1d9     1%          1
b - Flame Wave            Conj/Fire      30%        2d8       11%         4

Your spell library contained the following spells:

 Spells                   Type           Power      Damage    Failure   Level
 Scorch                   Fire           94%        2d9       1%          2
 Conjure Flame            Conj/Fire      30%        6-21      3%          3
 Inner Flame              Hex/Fire       27%        N/A       4%          3
 Apportation              Tloc           16%        N/A       8%          1
 Necrotize                Necr           32%        1d5       8%          1
 Summon Small Mammal      Summ           32%        N/A       8%          1
 Ozocubu's Armour         Ice            8%         N/A       22%         3
 Metabolic Englaciation   Hex/Ice        4%         N/A       91%         5
 Simulacrum               Ice/Necr       4%         N/A       100%        6
 Summon Cactus Giant      Summ           4%         N/A       100%        6


Dungeon Overview and Level Annotations

Branches:
Dungeon (7/15)             Temple (1/1) D:7          Bailey (1/1)

Altars:
Ashenzari
Cheibriados
Dithmenos
Fedhas
Hepliaklqana
Kikubaaqudgha
Makhleb
Nemelex Xobeh
Okawaru
Qazlal
Ru
Sif Muna
Trog
Uskayaw
Wu Jian
Yredelemnul
Zin
The Shining One

Shops:
D:3 [?!(:   D:4 *   D:5 **(


Message History

The foxfire hits the goblin but does no damage.
The foxfire hits the goblin!
You kill the goblin!
Sif Muna accepts your kill.
Casting: Foxfire (safe; 1% risk of failure)
Confirm with . or Enter, or press ? or * to list all spells.
You conjure some foxfire!
The kobold hits you but does no damage.
As you read the scroll of identify, it crumbles to dust.
s - 2 scrolls of enchant weapon The foxfire hits the kobold.
The kobold is heavily wounded.
The foxfire hits the kobold but does no damage.
The kobold is heavily wounded.
The foxfire hits the kobold.
You kill the kobold!
Sif Muna accepts your kill.
The foxfire hits the orc warrior!
The orc warrior is moderately wounded.
As you read the scroll of identify, it crumbles to dust.
x - a scroll of poison The orc warrior barely misses you.
Unknown command.
The orc warrior attacks as you move away!
The orc warrior barely misses you.
Aiming: Charm
Press: ? - help, Shift-Dir - straight line, f - orc warrior
Aim: an orc warrior, wielding a +0 war axe and wearing a +0 ring mail (moderately wounded, chance to affect: 49%)
The orc warrior resists with some effort.
The orc warrior hits you with a +0 war axe.
* * * LOW HITPOINT WARNING * * *
Aiming: Charm
Press: ? - help, Shift-Dir - straight line, f/p - orc warrior
Aim: an orc warrior, wielding a +0 war axe and wearing a +0 ring mail (moderately wounded, chance to affect: 49%)
The orc warrior resists with some effort.
The now-empty wand crumbles to dust.
The orc warrior hits you with a +0 war axe!
* * * LOW HITPOINT WARNING * * *
You feel better.
The orc warrior hits you with a +0 war axe!
You die...

##...........#######
##.........#(## ...
#.....⌠....#Ko# ..
##.......###oo# ..
###.....#.'go####'### .+ ..
###....).###..K...o.. .# #.≈
≈≈≈≈≈≈..)(.#..####(#### .#.(≈≈
≈≈≈≈≈≈≈≈≈..####..oK...####≈≈≈≈
##....≈≈≈≈≈≈≈∩#.@g!...#∩≈≈≈≈≈#
##......≈≈≈≈≈#########≈≈≈≈#
##.......≈≈≈≈≈≈≈≈≈≈≈≈≈≈#
###........≈≈≈≈≈≈≈≈.#
####.............##
####......∩..## ###..(....##
####.....## ####...##


You could see 2 orc warriors, a goblin and a kobold.

Vanquished Creatures
  Grinder (D:6)
  Menkaure (D:6)
  A water moccasin (D:5)
  A black bear (Temple)
  3 ogres
  A necrophage (D:6)
  4 scorpions
  2 hounds (D:5)
  A jelly (D:4)
  5 orc priests
  Jessica (D:3)
  Ijyb (D:5)
  Natasha (thrice) (D:2)
  6 iguanas
  2 orc wizards
  5 gnolls
  2 adders
  A shadow imp (D:3)
  A white imp (D:5)
  2 ufetubi
  2 worms (D:2)
  23 orcs
  3 bats
  4 endoplasms
  17 giant cockroaches
  15 goblins
  4 hobgoblins
  7 quokkas
  9 ball pythons
  3 frilled lizards
  9 kobolds
  11 rats
151 creatures vanquished.

Vanquished Creatures (others)
  908 foxfires
908 creatures vanquished.

Grand Total: 1059 creatures vanquished

Notes
Turn   | Place    | Note
-------+----------+-------------------------------------------
     0 | D:1      | Hubjo the Deep Elf Fire Elementalist began the quest for
                  | the Orb.
     0 | D:1      | Reached XP level 1. HP: 10/10 MP: 6/6
   716 | D:1      | Reached XP level 2. HP: 16/16 MP: 4/8
  1145 | D:1      | Reached skill level 1 in Fighting
  1789 | D:2      | Noticed Natasha
  1796 | D:2      | Killed Natasha
  1797 | D:2      | Reached XP level 3. HP: 20/20 MP: 3/10
  1831 | D:2      | Noticed Natasha
  1837 | D:2      | Killed Natasha
  1838 | D:2      | Reached XP level 4. HP: 13/26 MP: 2/11
  1875 | D:2      | Noticed Natasha
  1880 | D:2      | Killed Natasha
  2378 | D:2      | Reached skill level 4 in Fire Magic
  2523 | D:2      | Learned a level 4 spell: Flame Wave
  2787 | D:2      | Reached XP level 5. HP: 24/30 MP: 5/13
  5212 | D:3      | Found Ajuxt's Distillery.
  5249 | D:3      | Found a glowing golden altar of the Shining One.
  5263 | D:3      | Became a worshipper of the Shining One
  5300 | D:3      | Found Botol's Book Emporium.
  5307 | D:3      | Found Mam Ices's Magic Scroll Shoppe.
  5309 | D:3      | Found Tapn's Antique Armour Shop.
  5318 | D:3      | Noticed Jessica
  5324 | D:3      | Killed Jessica
  5406 | D:3      | Found Zaitosch's Weapon Boutique.
  5498 | D:3      | Bought a pair of glowing boots for 195 gold pieces
  5541 | D:3      | Found a faded altar of an unknown god.
  5546 | D:3      | Found a broken altar of Ashenzari.
  5885 | D:3      | Found an iron altar of Okawaru.
  6282 | D:4      | Found Yjung's Assorted Antiques.
  6353 | D:4      | Found a blossoming altar of Fedhas.
  6404 | D:4      | Reached XP level 6. HP: 36/36 MP: 9/14
  6559 | D:4      | Reached skill level 5 in Fire Magic
  6777 | D:4      | Reached skill level 5 in Spellcasting
  6928 | D:4      | Reached XP level 7. HP: 41/41 MP: 10/16
  7322 | D:4      | Reached skill level 5 in Stealth
  7526 | D:4      | Reached skill level 6 in Fire Magic
  7672 | D:4      | You fall into a shaft and drop 2 floors!
  7713 | D:5      | Entered Level 5 of the Dungeon
  7725 | D:5      | Noticed Ijyb
  8069 | D:6      | Reached * piety under the Shining One
  8294 | D:5      | Found Eschier's General Store.
  8432 | D:4      | Reached XP level 8. HP: 28/48 MP: 12/19
  8688 | D:3      | Bought 2 scrolls of magic mapping for 70 gold pieces
  8723 | D:5      | Found Muothror's Fire Supplies.
  8742 | D:5      | Reached skill level 7 in Fire Magic
  8783 | D:5      | Found Xobryjap's Weapon Emporium.
  8911 | D:5      | Noticed a +0 short sword
  8911 | D:5      | Noticed a +0 dagger
  8912 | D:5      | Noticed a +0 spear
  8913 | D:5      | Noticed a +0 dagger
  8913 | D:5      | Noticed a +0 falchion
  8913 | D:5      | Noticed a +0 short sword
  8914 | D:5      | Noticed a +0 falchion
  8914 | D:5      | Noticed a +0 spear
  8928 | D:5      | Found a hide-covered altar of Uskayaw.
  8949 | D:5      | Killed Ijyb
  8951 | D:5      | Reached ** piety under the Shining One
  8994 | D:6      | Noticed Grinder
  9001 | D:6      | Killed Grinder
  9019 | D:6      | Noticed Menkaure
  9027 | D:6      | Killed Menkaure
  9028 | D:6      | Reached skill level 8 in Fire Magic
  9124 | D:7      | Found a staircase to the Ecumenical Temple.
  9143 | Temple   | Entered the Ecumenical Temple
  9166 | Temple   | Fell from the grace of the Shining One
  9166 | Temple   | Became a worshipper of Sif Muna the Loreminder
  9658 | D:7      | Found a flagged portal.
  9679 | Bailey   | Entered a bailey
  9830 | Bailey   | Identified the +5 flail "Edgheybu" {elec, *Slow rElec rF+}
  9949 | Bailey   | HP: 1/48 [orc warrior/+0 war axe (9)]
  9950 | Bailey   | Slain by an orc warrior

Illustrated notes

Levels and vault maps discovered:
D:1:      erik_arrival_orb_chamber, layout_basic, minmay_box_of_dots
D:2:      minmay_roachtagon, layout_basic, minmay_pentomino_u2, uniq_natasha
D:3:      layout_rooms, mainiacjoe_overflow_cross_hatched,
          nicolae_overflow_ecumenical_swirl, okawaru_trees_2, serial_shops,
          shop, nicolae_shop_trees, shop, shop, nicolae_square_shop, hex_large,
          uniq_jessica
D:4:      layout_rooms, fedhas_altar_2, portal_sewer_entry_a, serial_shops,
          nicolae_stop_n_shop_1, grunt_ministairs_13
D:5:      layout_rooms, nicolae_uskayaw_en_pointe, serial_shops, shop_fountains,
          nicolae_stop_n_shop_1, nicolae_shop_fire_sale
          [nicolae_sub_dead_trees], st_stairs_13, uniq_ijyb
D:6:      minmay_chambers_of_threes, layout_loops_ring, bh_walls_and_bars,
          uniq_grinder, uniq_menkaure
D:7:      layout_loops_ring, nicolae_overflow_hidden_temple, temple_statues,
          enter_bailey_5, sigmund_army
Temple:   nicolae_temple_god_jail
Bailey:   bailey_axe_4, bailey

Skill      XL: |  1  2  3  4  5  6  7  8 |
---------------+-------------------------+-----
Fighting       | 1 2 3 4 |  4.4
Stealth        | 3 4 5 7 |  7.1
Spellcasting   | 4 5 6 7 |  7.3
Fire Magic     | 4 5 6 8 |  8.4
Dodging        | |  2.4
Conjurations   | |  1.1

Action                   |  1- 3 |  4- 6 |  7- 9 || total
-------------------------+-------+-------+-------++-------
Melee: Unarmed           |     1 |     7 |     5 ||    13
       Punch             |       |     1 |       ||     1
 Cast: Foxfire           |   107 |   232 |   215 ||   554
       Flame Wave        |       |     2 |     2 ||     4
Evoke: Wand              |       |       |     2 ||     2
  Use: Scroll            |     5 |     3 |     6 ||    14
       Potion            |       |     3 |     5 ||     8
Armor: Robe              |     2 |    10 |    11 ||    23
Dodge: Dodged            |     2 |    33 |    68 ||   103

Table legend: (Time is in decaauts)
 A = Elapsed time spent in this place.
 B = Non-inter-level travel time spent in this place.
 C = Inter-level travel time spent in this place.
 D = Time resting spent in this place.
 E = Time spent auto-exploring this place.
 F = Levels seen in this place.
 G = Mean time per level.
                   A        B        C        D        E       F      G
               +--------+--------+--------+--------+--------+-----+--------+
         Total |   9956 |   9821 |    135 |   2384 |   5789 |   9 | 1106.2 |
       Dungeon |   9246 |   9130 |    116 |   2100 |   5545 |   7 | 1320.9 |
        Temple |    438 |    419 |     19 |    284 |     79 |   1 |  438.0 |
        Bailey |    272 |    272 |      0 |      0 |    165 |   1 |  272.0 |
               +--------+--------+--------+--------+--------+-----+--------+

Top non-repeatable levels by time:
     D:2: 3586 daAuts
     D:4: 1712 daAuts
     D:1: 1625 daAuts
     D:3: 1125 daAuts
     D:6: 739 daAuts
  Temple: 438 daAuts
     D:5: 338 daAuts
  Bailey: 272 daAuts
     D:7: 118 daAuts
